AoeStats
← StepingBySky

Black Forest

504552824Analyzed
3v3 RM · 28d ago on Sep 5, 2026· 52m 26s· 6 players
Game mode
Random Map
Map size
Normal (6 player)
Population
200
Speed
Normal
Resources
Standard
Victory
Conquest
Starting age
Dark Age
Ending age
Imperial Age
RankedLock teamsTeams togetherTeam positionsShared explorationLock speedFull tech treeHidden civsTurbo modeCheats
Victory
Defeat
🇪🇸 Goths · Spain
866
+19
🇷🇺 Spanish · Russia
857
+37
🇦🇷 Huns · Argentina
838
+20
🇨🇴 Khmer · Colombia
955
-20
🇨🇴 Spanish · Colombia
914
-19
🇨🇴 Franks · Colombia
909
-19
Lucas Grijander
0:44 Loom
11:46 Feudal Age
13:06 Wheelbarrow
12:21 Double-Bit Axe
15:41 Man-at-Arms
17:46 Horse Collar
19:41 Stone Mining
22:26 Castle Age
23:39 Hand Cart
23:10 Town Watch
23:50 Heavy Plow
24:05 Bow Saw
31:18 Imperial Age
30:25 Elite Skirmisher
32:06 Ballistics
31:44 Fletching
31:56 Padded Archer Armor
31:57 Scale Mail Armor
32:08 Forging
32:10 Murder Holes
34:07 Chemistry
33:21 Masonry
34:21 Crop Rotation
35:43 Leather Archer Armor
35:45 Chain Mail Armor
38:11 Two-Man Saw
37:33 Squires
36:55 Pikeman
38:39 Anarchy
40:00 Perfusion
40:15 Bodkin Arrow
41:50 Halberdier
44:26 Bracer
45:02 Iron Casting
48:55 Caravan
49:23 Town Patrol
StepingBySky
10:57 Feudal Age
12:32 Arson
12:38 Town Watch
12:48 Double-Bit Axe
14:49 Horse Collar
15:15 Man-at-Arms
23:53 Fletching
27:46 Castle Age
27:02 Scale Mail Armor
28:02 Padded Archer Armor
28:22 Stone Mining
35:02 Imperial Age
33:15 Bodkin Arrow
35:36 Capped Ram
36:34 Gold Mining
37:22 Bow Saw
38:21 Town Patrol
40:55 Masonry
41:58 Pikeman
42:38 Guard Tower
42:55 Halberdier
44:35 Keep
45:18 Arrowslits
46:23 Forging
48:51 Squires
49:32 Wheelbarrow
50:46 Two-Man Saw
50:19 Onager
52:06 Bracer
52:57 Ballistics
秋水拉
1:00 Loom
12:48 Feudal Age
14:18 Wheelbarrow
13:27 Horse Collar
13:33 Double-Bit Axe
14:07 Fishing Lines
19:12 Castle Age
20:25 Hand Cart
20:25 Bow Saw
20:40 Heavy Plow
22:18 Stone Mining
22:40 Scale Barding Armor
22:47 Forging
24:58 Iron Casting
24:44 Chain Barding Armor
25:27 Husbandry
26:05 Gold Mining
31:18 Imperial Age
29:36 Marauders
29:49 Bloodlines
31:25 Caravan
32:27 Conscription
31:28 Elite Tarkan
34:06 Two-Man Saw
34:43 Blast Furnace
34:20 Plate Barding Armor
Alkimista666
10:17 Loom
12:36 Feudal Age
18:25 Castle Age
16:40 Double-Bit Axe
18:22 Wheelbarrow
17:35 Horse Collar
18:01 Stone Mining
23:40 Forging
27:46 Murder Holes
28:12 Ballistics
32:56 Inquisition
36:32 Imperial Age
34:43 Wheelbarrow
33:54 Town Watch
34:51 Iron Casting
34:17 Scale Mail Armor
34:37 Gold Mining
38:19 Chemistry
37:05 Arrowslits
37:31 Masonry
37:34 Scale Barding Armor
37:47 Chain Mail Armor
38:18 Caravan
39:00 Cavalier
39:40 Husbandry
42:39 Supremacy
42:35 Paladin
46:21 Plate Mail Armor
46:12 Chain Barding Armor
46:53 Blast Furnace
45:54 Padded Archer Armor
45:44 Fletching
52:42 Hand Cart
JoseAli
0:26 Loom
15:36 Feudal Age
19:13 Castle Age
18:19 Double-Bit Axe
31:02 Wheelbarrow
30:26 Town Watch
32:46 Gold Mining
32:46 Stone Mining
32:40 Horse Collar
33:46 Bow Saw
33:40 Heavy Plow
37:23 Imperial Age
35:53 Gold Shaft Mining
35:40 Hand Cart
35:54 Husbandry
36:05 Bloodlines
37:20 Fortified Wall
36:52 Light Cavalry
38:13 Double Crossbow
39:16 Chemistry
39:22 Caravan
39:54 Ballistics
39:35 Hussar
40:25 Scale Barding Armor
40:31 Forging
41:06 Conscription
divineslain
5:52 Loom
13:23 Feudal Age
14:19 Double-Bit Axe
18:07 Castle Age
20:16 Bow Saw
27:39 Gold Mining
27:40 Stone Mining
27:45 Fishing Lines
33:57 Imperial Age
32:29 Wheelbarrow
32:27 Scale Barding Armor
32:32 Forging
32:27 Husbandry
33:39 Gold Shaft Mining
34:07 Chain Barding Armor
34:25 Hand Cart
35:25 Iron Casting
34:13 Cavalier
35:58 Plate Barding Armor
35:38 Paladin
38:28 Blast Furnace
Connection lost

Rejoining the realm…

Still unreachable

The connection could not be restored.

Session expired

The server has moved on; the page needs a fresh start.